 Dungeon Crawl Stone Soup version 0.31-a0-986-g5e6e4ef867 (webtiles) character file.

Game seed: 663030159736226768

6103 Demosthentine the Fighter (level 10, -21/81 HPs)
             Began as a Demonspawn Gladiator on Nov 11, 2023.
             Demolished by a vault guard
             ... wielding a +0 broad axe
              (22 damage)
             ... in a bailey.
             The game lasted 00:12:50 (9419 turns).

Demosthentine the Fighter (Demonspawn Gladiator)    Turns: 9419, Time: 00:12:50

Health: -21/81     AC: 15    Str: 21    XL:     10   Next: 58%
Magic:  10/10      EV: 16    Int:  9    God:
Gold:   616        SH:  0    Dex: 16    Spells: 9/9 levels left

rFire   . . .        a - +1 trident (flame)
rCold   + . .        (no shield)
rNeg    . . .        t - +3 leather armour
rPois   .            (helmet restricted)
rElec   +            m - +2 cloak {Stlth+}
rCorr   .            p - +0 pair of gloves
SInv    +            j - +0 pair of boots of Evolution {*Slow rElec Str+3 Stlth+}
Will    .....        (no amulet)
Stlth   +++          i - ring of see invisible
HPRegen 0.33/turn    w - ring of protection from cold
MPRegen 0.12/turn

%: slow self (1%)
@: invisible
A: horns 1, icy blue scales 2
a: no special abilities


You were in a bailey.
You visited 2 branches of the dungeon, and saw 11 of its levels.
You also visited: Sewer and Bailey.

You collected 616 gold pieces.

Inventory:

Hand Weapons
 a - a +1 trident of flaming (weapon)
Missiles
 e - a javelin
Armour
 j - the +0 pair of boots of Evolution (worn) {*Slow rElec Str+3 Stlth+}
   (You found it on level 2 of the Dungeon)

   Str+3:     It affects your strength (+3).
   rElec:     It insulates you from electricity.
   *Slow:     It may slow you when you take damage.
   Stlth+:    It makes you more stealthy.
 m - a +2 cloak of stealth (worn)
 p - a +0 pair of gloves (worn)
 t - a +3 leather armour (worn)
Jewellery
 i - a ring of see invisible (left hand)
 w - a ring of protection from cold (right hand)
Wands
 k - a wand of flame (15)
 l - a wand of charming (10)
 r - a wand of acid (6)
Scrolls
 c - a scroll of torment
 g - 2 scrolls of summoning
 n - 2 scrolls of brand weapon
 u - a scroll of vulnerability
 x - a scroll of identify
Potions
 b - a potion of heal wounds
 f - 2 potions of enlightenment
 h - 4 potions of mutation
 o - 2 potions of might {unknown}
 q - 2 potions of haste {unknown}
 v - 3 potions of degeneration {unknown}
 z - 2 potions of curing


   Skills:
 + Level 8.3 Fighting
 + Level 7.8 Polearms
 - Level 1.7 Throwing
 + Level 7.3 Armour
 + Level 7.9 Dodging


You had 9 spell levels left.
You didn't know any spells.
Your spell library contained the following spells:

 Spells                   Type           Power      Damage    Failure   Level
 Apportation              Tloc           0%         N/A       43%         1
 Magic Dart               Conj           0%         1d3       43%         1
 Necrotise                Necr           0%         1d4       43%         1
 Sandblast                Erth           0%         2d4       43%         1
 Summon Small Mammal      Summ           0%         N/A       43%         1
 Blink                    Tloc           0%         N/A       56%         2
 Call Imp                 Summ           0%         N/A       56%         2
 Lesser Beckoning         Tloc           0%         N/A       56%         2
 Momentum Strike          Conj/Tloc      0%         3d8       56%         2
 Passwall                 Tmut/Erth      0%         N/A       56%         2
 Call Canine Familiar     Summ           0%         N/A       80%         3
 Mephitic Cloud           Conj/Pois/Air  0%         N/A       80%         3
 Sigil of Binding         Hex            0%         N/A       80%         3
 Stone Arrow              Conj/Erth      0%         3d7       80%         3
 Brom's Barrelling Bould  Conj/Erth      0%         2d3       99%         4
 Dimensional Bullseye     Hex/Tloc       0%         N/A       99%         4
 Leda's Liquefaction      Hex/Erth       0%         N/A       99%         4
 Olgreb's Toxic Radiance  Pois           0%         N/A       99%         4
 Discord                  Hex            0%         N/A       100%        8
 Ignition                 Fire           0%         3d3       100%        8


Dungeon Overview and Level Annotations

Branches:
Dungeon (10/15)            Temple (1/1) D:7            Lair (0/5) D:10
    Orc (0/2) D:10          Sewer (visited)          Bailey (1/1)

Altars:
Ashenzari
Cheibriados
Dithmenos
Fedhas
Gozag
Kikubaaqudgha
Makhleb
Nemelex Xobeh
Okawaru
Ru
Sif Muna
Trog
Uskayaw
Vehumet
Wu Jian
Xom
Yredelemnul

Annotations:
D:9 3 runed translucent doors, gogogogo's ghost, journeyman VSNe
D:10 exclusion: orange crystal statue Bailey Prince Ribbit


Innate Abilities, Weirdness & Mutations

You have a pair of small horns on your head.
You are mostly covered in icy blue scales. (AC +3)


Message History

The human closely misses you.
The vault guard hits you but does no damage.
You hit the vault guard but do no damage.
The vault guard is moderately wounded.
Prince Ribbit blinks!
The human hits you but does no damage. The vault guard closely misses you.
Unknown command.
You fade into invisibility!
Prince Ribbit blinks!
The human closely misses you.
The vault guard hits you with a +0 broad axe.
You hit the vault guard but do no damage.
The vault guard is moderately wounded.
Prince Ribbit barely misses you. The human closely misses you.
The vault guard barely misses you.
You hit the vault guard but do no damage.
You headbutt the vault guard.
The vault guard is moderately wounded.
Prince Ribbit catches a mouse with his tongue.
Prince Ribbit hits you but does no damage.
The vault guard hits you with a +0 broad axe!
You are too injured to fight recklessly!
Unknown command.
You barely miss the vault guard.
The vault guard is moderately wounded.
Prince Ribbit closely misses you.
The orc warrior throws a stone.
The stone hits the vault guard.
The vault guard hits you with a +0 broad axe!!
* * * LOW HITPOINT WARNING * * *
Unknown command.
You closely miss the vault guard.
You headbutt the vault guard, but do no damage.
The vault guard is heavily wounded.
Prince Ribbit closely misses you. Prince Ribbit hits you!
* * * LOW HITPOINT WARNING * * *
The human misses you.
Unknown command.
Unknown command.
You barely miss Prince Ribbit.
The vault guard hits you with a +0 broad axe!!
You die...

≈F..~.~~~≈
#≈~...~~~≈
#≈~..~~~ #≈~.~≈≈
##≈~.≈#
#≈~†)≈####
#≈~o.≈#..+
###p###..## #+##
#.@p..#...##~~~##
#.F...#...#~~~~~#
#..####...#~~~~~#
#....#..).#~~~~~#
##......#)#'#~~##
##....##..†####
######.....#
#.∩.∩.# #.....#


You could see a vault guard, Prince Ribbit (unable to see you), a human (unable
to see you) and an orc warrior (unable to see you).

Vanquished Creatures
  An unseen horror zombie (D:8)
  A komodo dragon (D:10)
  Grinder (D:3)
  Sigmund (D:3)
  3 yaks (D:8)
  2 humans (Bailey)
  Eustachio (D:6)
  A wyvern (D:8)
  3 vampire mosquitoes (D:10)
  2 water moccasins
  A hornet zombie (D:8)
  2 sky beasts
  2 orc warriors
  An ogre (D:5)
  2 black bears
  4 centaurs
  A phantom (D:7)
  2 kobold brigands (D:8)
  9 bullfrogs
  2 wyvern zombies (D:8)
  3 scorpions (D:5)
  7 wights
  5 killer bees (D:7)
  3 howler monkeys (D:9)
  A hound (D:6)
  A centaur zombie (D:8)
  A jelly (D:5)
  4 orc priests
  Crazy Yiuf (D:3)
  2 gnoll boudas
  2 iguanas
  4 orc wizards
  A hell rat (Sewer)
  2 howler monkey zombies (D:8)
  14 gnolls
  3 adders
  2 river rats (Sewer)
  3 white imps
  4 ufetubi (D:6)
  7 worms
  4 dart slugs
  14 orcs
  6 ball pythons
  7 bats
  10 endoplasms
  11 giant cockroaches
  9 goblins
  5 hobgoblins
  8 jackals (D:1)
  9 quokkas
  3 frilled lizards
  12 kobolds
  5 rats
215 creatures vanquished.

Notes
Turn   | Place    | Note
-------+----------+-------------------------------------------
     0 | D:1      | Demosthentine the Demonspawn Gladiator began the quest for
                  | the Orb.
     0 | D:1      | Reached XP level 1. HP: 16/16 MP: 1/1
   125 | D:1      | Gained mutation: You are partially covered in icy blue
                  | scales. (AC +2) [demonic ancestry]
   125 | D:1      | Reached XP level 2. HP: 22/22 MP: 2/2
   407 | D:1      | Reached skill level 1 in Armour
   415 | D:1      | Gained mutation: You have a pair of small horns on your
                  | head. [demonic ancestry]
   415 | D:1      | Reached XP level 3. HP: 24/28 MP: 3/3
   816 | D:2      | Identified the +0 pair of boots of Evolution {*Slow rElec
                  | Str+3 Stlth+}
   863 | D:2      | Reached XP level 4. HP: 34/34 MP: 4/4
  1602 | D:3      | Noticed Sigmund
  1629 | D:3      | Killed Sigmund
  1630 | D:3      | Reached skill level 3 in Fighting
  1630 | D:3      | Reached XP level 5. HP: 14/41 MP: 5/5
  1630 | D:3      | Reached XP level 6. HP: 16/47 MP: 6/6
  1840 | D:3      | Noticed Grinder
  1850 | D:3      | Paralysed by Grinder for 2 turns
  1858 | D:3      | Killed Grinder
  1859 | D:3      | Reached skill level 4 in Fighting
  1998 | D:3      | Found a runed translucent door.
  1999 | D:3      | Noticed Crazy Yiuf
  2205 | D:3      | Killed Crazy Yiuf
  2284 | D:4      | Reached XP level 7. HP: 47/54 MP: 7/7
  3098 | D:5      | Entered Level 5 of the Dungeon
  3683 | D:5      | Reached skill level 5 in Fighting
  3692 | D:5      | Reached skill level 5 in Polearms
  4203 | D:6      | Found a glowing drain.
  4214 | D:6      | Reached skill level 5 in Dodging
  4214 | D:6      | Gained mutation: You are mostly covered in icy blue scales.
                  | (AC +3) [demonic ancestry]
  4214 | D:6      | Reached XP level 8. HP: 50/62 MP: 8/8
  4236 | Sewer    | Entered a sewer
  4736 | D:6      | Found a radiant altar of Vehumet.
  4900 | D:6      | Noticed Eustachio
  4912 | D:6      | Killed Eustachio
  5148 | D:6      | Found a basalt altar of Yredelemnul.
  5534 | D:7      | Reached skill level 5 in Armour
  5586 | D:7      | Reached skill level 6 in Fighting
  5781 | D:7      | Reached XP level 9. HP: 69/69 MP: 9/9
  6340 | D:7      | Found a staircase to the Ecumenical Temple.
  6449 | Temple   | Entered the Ecumenical Temple
  6807 | D:8      | Reached skill level 7 in Fighting
  7280 | D:8      | Found a sacrificial altar of Ru.
  7776 | D:8      | Reached XP level 10. HP: 71/79 MP: 10/10
  8122 | D:9      | Found a runed translucent gate.
  8122 | D:9      | Found a runed translucent gate.
  8122 | D:9      | Found a runed translucent gate.
  8123 | D:9      | Found an opulent altar of Gozag.
  8123 | D:9      | Noticed a wolf spider
  8124 | D:9      | Noticed gogogogo's ghost (journeyman VSNe)
  9040 | D:10     | Entered Level 10 of the Dungeon
  9041 | D:10     | Noticed a death yak
  9055 | D:10     | Found a staircase to the Lair.
  9076 | D:10     | Noticed an orange crystal statue
  9185 | D:10     | Reached skill level 8 in Fighting
  9205 | D:10     | Found a flagged portal.
  9219 | Bailey   | Entered a bailey
  9390 | Bailey   | Noticed Prince Ribbit
  9393 | Bailey   | Noticed a vault guard
  9418 | Bailey   | HP: 1/81 [Prince Ribbit (14)]
  9419 | Bailey   | Demolished by a vault guard

Illustrated notes

Levels and vault maps discovered:
D:1:      psy_arrival_whirlpool, layout_basic, minmay_misc_feat_plants
D:2:      layout_basic, chequers_decorated_corner
D:3:      layout_basic, uniq_sigmund, uniq_crazy_yiuf_cottage, uniq_grinder
D:4:      layout_cave_pods
D:5:      layout_basic
D:6:      layout_gridville, old_standard_altar,
          mainiacjoe_overflow_concentric_impassable, portal_sewer_entry_f,
          uniq_eustachio
D:7:      layout_basic, minmay_temple_entry_nine_rooms
D:8:      layout_cave_pools, mainiacjoe_overflow_alcove_1, serial_undead,
          serial_undead_b, serial_undead_d, serial_undead_d, serial_undead_e
D:9:      layout_gridville, ebering_ghost_gozag, item_on_display_a
D:10:     argonaut_augean_stables, layout_grid_maze, old_standard_altar,
          grunt_temple_overflow_open, lair_entry_dummy, david_orc_5,
          enter_bailey_3, minmay_protected_statue
Temple:   lightli_temple_of_artemis
Bailey:   bailey_axe_froggy_fort_hellmonk, bailey

Skill      XL: |  1  2  3  4  5  6  7  8  9 10 |
---------------+-------------------------------+-----
Polearms       | 3 4 5 6 7 |  7.8
Armour         | 1 2 3 4 5 6 7 |  7.3
Dodging        | 3 4 5 6 7 |  7.9
Fighting       | 3 4 5 6 7 8 |  8.3
Throwing       | |  1.7

Action                     |  1- 3 |  4- 6 |  7- 9 | 10-12 || total
---------------------------+-------+-------+-------+-------++-------
  Melee: Trident           |   140 |    91 |   461 |   175 ||   867
         Punch             |     2 |       |     4 |     2 ||     8
         Headbutt          |     5 |    14 |    85 |    34 ||   138
  Throw: Throwing net      |       |     4 |     2 |     1 ||     7
    Use: Scroll            |     2 |     8 |     6 |     2 ||    18
         Potion            |       |     2 |     4 |     2 ||     8
   Stab: Sleeping          |     1 |     8 |    20 |       ||    29
         Held in net/web   |       |     1 |     3 |     1 ||     5
         Distracted        |       |     1 |     1 |       ||     2
 Armour: Leather armour    |    54 |    45 |   334 |   132 ||   565
  Dodge: Dodged            |    85 |    41 |   442 |   160 ||   728

Table legend: (Time is in decaauts)
 A = Elapsed time spent in this place.
 B = Non-inter-level travel time spent in this place.
 C = Inter-level travel time spent in this place.
 D = Time resting spent in this place.
 E = Time spent auto-exploring this place.
 F = Levels seen in this place.
 G = Mean time per level.
                   A        B        C        D        E       F      G
               +--------+--------+--------+--------+--------+-----+--------+
         Total |   9509 |   9286 |    223 |    505 |   6855 |  13 |  731.5 |
       Dungeon |   9219 |   8997 |    222 |    505 |   6713 |  10 |  921.9 |
        Temple |      9 |      9 |      0 |      0 |      0 |   1 |    9.0 |
         Sewer |     85 |     85 |      0 |      0 |     41 |   1 |   85.0 |
        Bailey |    194 |    194 |      0 |      0 |    101 |   1 |  194.0 |
               +--------+--------+--------+--------+--------+-----+--------+

Top non-repeatable levels by time:
     D:7: 1354 daAuts
     D:8: 1290 daAuts
     D:5: 1117 daAuts
     D:6: 1079 daAuts
     D:9: 1067 daAuts
     D:4: 857 daAuts
     D:3: 851 daAuts
     D:2: 755 daAuts
     D:1: 668 daAuts
  Bailey: 194 daAuts
    D:10: 177 daAuts
   Sewer: 85 daAuts
  Temple: 9 daAuts
